 Dungeon Crawl Stone Soup version 0.23.2-1-ga50397a (webtiles) character file.

Game seed: 16892506457829134459

88505 MalarOregon the Phalangite (level 15, -11/103 HPs)
             Began as a Merfolk Gladiator on May 12, 2019.
             Was the Champion of Hepliaklqana.
             Mangled by a spiny frog (27 damage)
             ... on level 3 of the Swamp.
             The game lasted 00:47:54 (24182 turns).

MalarOregon the Phalangite (Merfolk Gladiator)     Turns: 24182, Time: 00:47:55

Health: -11/103    AC: 28    Str: 24    XL:     15   Next: 94%
Magic:  22/22      EV: 18    Int: 23    God:    Hepliaklqana [******]
Gold:   279        SH:  2    Dex: 15    Spells: 10/18 levels left

rFire    . . .     SeeInvis .   a - +1 demon trident
rCold    . . .     Gourm    .   (no shield)
rNeg     . . .     Faith    .   A - +1 swamp dragon scales
rPois    +         Spirit   .   h - +2 helmet
rElec    .         Reflect  +   l - +2 cloak {MR+}
rCorr    .         Harm     .   g - +2 pair of gloves {Str+3}
MR       ++...                  c - +2 pair of boots {Stlth+}
Stlth    ++........             X - amulet of Tanof {Reflect Str+4 Int+6 SH+2}
HPRegen  0.27/turn              j - +6 ring of protection
MPRegen  0.18/turn              n - +5 ring of intelligence

@: no status effects
A: change form in water, swift swim, stealthy swim, reduced essence
a: Recall Ancestor, Ancestor Identity, Transference, Idealise, Renounce Religion


You were on level 3 of the Swamp.
You worshipped Hepliaklqana.
Hepliaklqana was exalted by your worship.
You were not hungry.

You visited 5 branches of the dungeon, and saw 23 of its levels.

You collected 1861 gold pieces.
You spent 1582 gold pieces at shops.

Inventory:

Hand Weapons
 a - a +1 demon trident (weapon)
   (You took it off Urug on level 1 of the Lair of Beasts)
 b - a +3 scimitar of flaming
   (You took it off Erica on level 11 of the Dungeon)
 W - the cursed +0 hand crossbow of Crystal {elec, MR++}
   (You found it on level 6 of the Lair of Beasts)

   It charges the ammunition it shoots with electricity; occasionally upon a
   hit, such missiles may discharge and cause terrible harm.
   It affects your resistance to hostile enchantments.
   It has a curse placed upon it.
Missiles
 Q - 4 throwing nets (quivered) {!f}
Armour
 c - a +2 pair of boots of stealth (worn)
   (You found it on level 4 of the Dungeon)
 g - a +2 pair of gloves of strength (worn)
   (You bought it in a shop on level 1 of the Orcish Mines)
 h - a +2 helmet (worn)
   (You found it on level 3 of the Dungeon)
 l - a +2 cloak of magic resistance (worn)
   (You bought it in a shop on level 2 of the Orcish Mines)
 A - +1 swamp dragon scales (worn)
   (You found it on level 1 of the Swamp)
Jewellery
 j - a +6 ring of protection (left hand)
   (You found it on level 1 of the Dungeon)
 n - a +5 ring of intelligence (right hand)
   (You found it on level 7 of the Dungeon)
 o - an uncursed ring of protection from cold
   (You bought it in a shop on level 10 of the Dungeon)
 z - an uncursed ring of see invisible
   (You found it on level 2 of the Lair of Beasts)
 R - an uncursed ring of fire
   (You found it on level 5 of the Lair of Beasts)
 X - the amulet of Tanof (around neck) {Reflect Str+4 Int+6 SH+2}
   (You bought it in a shop on level 2 of the Orcish Mines)

   [amulet of reflection]

   It shields you and reflects attacks.
   It affects your strength (+4).
   It affects your intelligence (+6).
   It affects your SH (+2).
Wands
 d - a wand of iceblast (12)
   (You found it on level 8 of the Dungeon)
 u - a wand of paralysis (8)
   (You found it on level 6 of the Lair of Beasts)
 v - a wand of digging (15)
   (You found it on level 4 of the Dungeon)
 x - a wand of acid (5)
   (You found it on level 2 of the Swamp)
 B - a wand of polymorph (7)
   (You found it on level 8 of the Dungeon)
 H - a wand of clouds (1)
   (You found it on level 11 of the Dungeon)
 N - a wand of enslavement (3)
   (You found it on level 11 of the Dungeon)
 S - a wand of scattershot (3)
   (You found it on level 2 of the Swamp)
Scrolls
 m - 4 scrolls of teleportation {@r4}
 q - 5 scrolls of remove curse {@r2}
 y - 2 scrolls of identify {@r1}
 C - 4 scrolls of immolation {!r}
 G - a scroll of magic mapping
 K - a scroll of summoning
 L - a scroll of fear
 O - a scroll of blinking
Potions
 f - 4 potions of curing {@q1}
 i - 3 potions of haste {@q3}
 k - 2 potions of might
 p - 5 potions of ambrosia
 r - 9 potions of brilliance
 s - a potion of cancellation
 t - a potion of invisibility
 w - 2 potions of magic
 F - a potion of resistance
 M - 4 potions of flight
 P - 2 potions of agility
Miscellaneous
 D - a lightning rod (4/4) {!a}
   (You found it on level 9 of the Dungeon)
 E - a phial of floods (inert)
   (You found it on level 9 of the Dungeon)
 J - a phantom mirror
Comestibles
 e - 35 rations {!d}
 I - 9 chunks of flesh


   Skills:
 - Level 10.0 Fighting
 + Level 24.6 Polearms
 - Level 2.0 Throwing
 - Level 6.0 Armour
 - Level 10.0 Dodging
 + Level 2.1 Spellcasting
 + Level 1.8 Conjurations
 + Level 2.4 Summonings
 + Level 1.6 Fire Magic
 + Level 1.9 Air Magic
 - Level 10.0 Invocations
 - Level 10.0 Evocations


You had 10 spell levels left.
You knew the following spells:

 Your Spells              Type           Power        Failure   Level  Hunger
q - Sticky Flame          Conj/Fire      ##......     65%         4    #####..
z - Summon Lightning Spi  Summ/Air       ##......     58%         4    #####..

Your spell library contained the following spells:

 Spells                   Type           Power        Failure   Level  Hunger
 Summon Small Mammal      Summ           ##..         7%          1    #......
 Flame Tongue             Conj/Fire      ##...        9%          1    #......
 Call Imp                 Summ           ##......     10%         2    ##.....
 Throw Flame              Conj/Fire      ##....       14%         2    ##.....
 Corona                   Hex            #......      19%         1    #......
 Call Canine Familiar     Summ           ##......     21%         3    ###....
 Conjure Flame            Conj/Fire      ##......     26%         3    ###....
 Ensorcelled Hibernation  Hex/Ice        #.....       28%         2    ##.....
 Summon Guardian Golem    Hex/Summ       #.......     32%         3    ###....
 Dazzling Spray           Conj/Hex       #.....       36%         3    ###....
 Inner Flame              Hex/Fire       #.......     36%         3    ###....
 Ignite Poison            Fire/Tmut/Pois #.......     41%         3    ###....
 Confuse                  Hex            #.......     50%         3    ###....
 Tukima's Dance           Hex            #.......     50%         3    ###....
 Summon Ice Beast         Ice/Summ       #.......     73%         4    #####..
 Fireball                 Conj/Fire      ##........   94%         5    ######.
 Bolt of Fire             Conj/Fire      ##........   100%        6    #######
 Ring of Flames           Chrm/Fire      #.........   100%        7    #######
 Ignition                 Fire           #.........   100%        8    #######


Dungeon Overview and Level Annotations

Branches:
Dungeon (11/15)            Temple (1/1) D:5            Lair (6/6) D:9
  Swamp (3/4) Lair:4       Spider (0/4) Lair:2        Slime (0/5) Lair:6
    Orc (2/2) D:10            Elf (0/3) Orc:2

Altars:
Ashenzari
Cheibriados
Dithmenos
Elyvilon
Fedhas
Gozag
Hepliaklqana
Kikubaaqudgha
Makhleb
Nemelex Xobeh
Okawaru
Qazlal
Ru
Sif Muna
Trog
Uskayaw
Vehumet
Wu Jian
Xom
Yredelemnul
Zin
The Shining One
Beogh
Jiyva

Shops:
D:9 %   D:10 *   Orc:1 [   Orc:2 %[(=(

Portals:
Trove: D:11 (give 17 potions of curing)

Annotations:
D:7 1 runed translucent door, Crazy Yiuf
Lair:5 3 runed translucent doors, Mosepeut's ghost, journeyman MiBe; Plazmod's ghost, journeyman DECj; Thalamas's ghost, journeyman MiBe; Wudwina's ghost, journeyman TrBe


Message History

You could not reach far enough!
Attack whom?
Aim: a spriggan druid, wielding a +0 quarterstaff and wearing a +0 robe You could not reach far enough!
The spriggan druid splashes around in the water.
Attack whom?
Aim: a spriggan druid, wielding a +0 quarterstaff and wearing a +0 robe You could not reach far enough!
Thulani barely misses the spriggan druid.
Attack whom?
Aim: a spriggan druid, wielding a +0 quarterstaff and wearing a +0 robe You reach to attack!
You barely miss the spriggan druid.
The spriggan druid hits Thulani with a +0 quarterstaff.
Attack whom?
Aim: a spriggan druid, wielding a +0 quarterstaff and wearing a +0 robe You reach to attack!
You puncture the spriggan druid!
Thulani hits the spriggan druid with a +0 broad axe of flaming.
Thulani burns the spriggan druid.
Attack whom?
Aim: a spriggan druid, wielding a +0 quarterstaff and wearing a +0 robe (heavily wounded)
You reach to attack!
You hit the spriggan druid.
The spriggan druid splashes around in the water.
Attack whom?
Aim: a spriggan druid, wielding a +0 quarterstaff and wearing a +0 robe (heavily wounded)
You reach to attack!
You puncture the spriggan druid!
Thulani hits the spriggan druid with a +0 broad axe of flaming!
Thulani burns the spriggan druid.
With its final breath, the spriggan druid offers up its power to the beasts of the wild!
The spiny frog seems to grow more fierce.
The spriggan druid dies!
You hear a splash. x3
Thulani barely misses the spiny frog.
Attack whom?
Aim: a spiny frog (unusually strong)
You hit the spiny frog. The spiny frog closely misses you.
You puncture the spiny frog!
Thulani barely misses the spiny frog.
The spiny frog stings you but does no damage.
You hit the spiny frog.
You hit the spiny frog but do no damage.
The spiny frog stings you!
* * * LOW HITPOINT WARNING * * *
Thulani misses the spiny frog.
Your swamp dragon scales prevents you from hitting the spiny frog.
The spiny frog misses you.
You puncture the spiny frog!
Thulani hits the spiny frog but does no damage.
The spiny frog stings you!
* * * LOW HITPOINT WARNING * * *
The spiny frog stings you!!
You die...

≈≈≈..≈♣≈≈≈≈≈.♣♣.≈≈≈≈≈.≈≈≈≈?≈≈.≈
≈≈≈≈≈≈.♣.≈≈≈.♣♣≈..≈≈≈...)≈≈.≈.≈
.≈≈≈.≈≈≈.≈≈≈≈.≈.≈..≈§...♣≈....≈
.....≈≈≈.≈≈≈≈♣♣♣♣≈.....♣♣ .≈≈≈≈
≈≈.♣.≈≈≈..≈≈≈♣ ♣♣≈≈..♣♣♣ ≈≈≈≈
≈≈≈♣♣♣≈♣♣♣.≈≈♣♣♣..§≈≈≈♣♣ ≈≈.
§♣♣♣ ♣♣♣ ♣♣.....≈R≈≈≈.≈♣ ≈. ♣♣
♣♣♣.≈≈.F≈≈≈.≈♣ . ♣ ♣.≈≈@.≈...♣♣
♣ ♣≈≈≈§...≈≈≈≈≈♣ ♣.≈≈.≈≈≈.≈≈≈.♣
♣♣♣♣ .......≈(..≈≈.♣ .≈≈♣♣♣♣
..≈≈.≈≈...♣≈≈.≈♣
§♣♣<..♣♣.≈......♣♣♣..≈♣♣
.♣♣♣...♣ ..>..♣♣ ≈.♣♣
♣♣♣....≈♣...≈≈ ... ♣ ♣≈..≈♣♣


You could see the friendly Thulani the knight and a spiny frog.

Vanquished Creatures
  2 thorn hunters
  2 orc warlords (Orc:1)
  8 hydras
  A ghost crab (Swamp:2)
  A vault guard (D:11)
  A shambling mangrove (Swamp:1)
  Erica (D:11)
  6 alligators
  A death yak (Lair:3)
  3 orc high priests
  Urug (Lair:1)
  2 swamp dragons
  2 orc knights (Orc:2)
  2 cyclopes
  An oklob plant (Lair:5)
  2 ugly things (D:11)
  An orc sorcerer (Orc:1)
  3 manticores
  A torpor snail (Lair:3)
  2 black mambas
  24 spiny frogs
  6 komodo dragons
  3 rime drakes (Lair:6)
  5 trolls
  6 hornets
  8 tyrant leeches
  A harpy skeleton (D:11)
  A polar bear (Lair:2)
  A bog body (Swamp:1)
  5 dream sheep (Lair:5)
  17 blink frogs
  12 hippogriffs
  7 wyverns
  4 spriggans
  4 basilisks
  18 yaks
  2 fire bats (Orc:2)
  A hungry ghost (D:11)
  14 vampire mosquitoes
  4 wargs
  13 insubstantial wisps
  8 swamp worms
  3 water moccasins
  12 porcupines
  28 orc warriors
  3 swamp drakes
  A black bear (D:6)
  2 sky beasts
  2 eyes of draining (D:10)
  3 phantoms
  14 ogres
  16 wolves
  5 centaurs
  5 crocodiles
  24 bullfrogs
  A gnoll sergeant (D:9)
  2 water moccasin zombies
  A wyvern skeleton (D:10)
  8 killer bees
  A water moccasin skeleton (D:8)
  6 wights
  6 electric eels
  2 howler monkeys
  3 centaur zombies
  3 crimson imps
  A bullfrog zombie (D:6)
  4 hounds
  28 orc wizards
  2 centaur skeletons
  24 orc priests
  3 jellies
  A bullfrog skeleton (D:6)
  4 iguanas
  6 worker ants
  3 hound skeletons
  2 worker ant zombies
  A howler monkey zombie (D:10)
  Robin (D:4)
  10 gnolls
  8 adders
  A shadow imp (D:10)
  3 oozes
  A dart slug (D:2)
  2 leopard geckos
  74 orcs
  A ball python (D:5)
  7 giant cockroaches
  10 goblins
  11 hobgoblins
  7 jackals
  4 kobolds
  3 quokkas
  4 bats
  3 frilled lizards
  2 leopard gecko skeletons
  A quokka skeleton (D:4)
  5 rats
  A briar patch (Swamp:3)
596 creatures vanquished.

Vanquished Creatures (collateral kills)
  Gastronok (Orc:1)
  A thorn hunter (Swamp:1)
  2 hydras
  3 catoblepae
  2 alligators
  A spriggan druid (Swamp:3)
  An unseen horror (D:10)
  A swamp dragon (Swamp:1)
  2 orc sorcerers
  A spiny frog (Lair:5)
  2 rime drakes
  A tyrant leech (Swamp:3)
  A polar bear (Lair:5)
  A troll (Orc:2)
  4 hornets
  4 blink frogs (Lair:6)
  A bog body (Swamp:1)
  2 dream sheep (Lair:5)
  3 hippogriffs
  A spriggan (Swamp:1)
  3 wyverns
  2 basilisks
  2 yaks
  A steam dragon (Lair:5)
  3 vampire mosquitoes
  3 swamp worms
  5 insubstantial wisps
  3 water moccasins
  A porcupine (Lair:5)
  2 ice beasts
  9 orc warriors
  A swamp drake (Swamp:1)
  A sky beast (D:7)
  An ogre (D:7)
  4 wolves
  A crocodile (Lair:4)
  2 bullfrogs
  3 killer bees
  An electric eel (Lair:6)
  A bullfrog skeleton (D:11)
  6 orc priests
  3 orc wizards
  A worker ant (D:6)
  A gnoll (D:6)
  A shadow imp (D:5)
  2 adder skeletons
  A leopard gecko (D:6)
  28 orcs
  2 jackals (D:6)
  2 quokkas
  A briar patch (Swamp:3)
  A plant (Lair:6)
133 creatures vanquished.

Vanquished Creatures (others)
  An orc wizard (D:10)
  10 knights
  An ancestor (D:6)
  2 briar patches (Swamp:3)
  9 fungi
  44 plants (Lair:6)
  2 withered plants (Lair:5)
69 creatures vanquished.

Grand Total: 798 creatures vanquished

Notes
Turn   | Place    | Note
-------+----------+-------------------------------------------
     0 | D:1      | MalarOregon the Merfolk Gladiator began the quest for the
                  | Orb.
     0 | D:1      | Reached XP level 1. HP: 16/16 MP: 1/1
   168 | D:1      | Reached XP level 2. HP: 23/23 MP: 2/2
   178 | D:1      | Reached skill level 5 in Polearms
   407 | D:1      | Reached XP level 3. HP: 28/28 MP: 3/3
   795 | D:2      | Reached skill level 6 in Polearms
   795 | D:2      | Reached XP level 4. HP: 25/35 MP: 4/4
  1071 | D:2      | Reached skill level 7 in Polearms
  1150 | D:2      | Reached XP level 5. HP: 41/41 MP: 5/5
  1240 | D:2      | Found a bloodstained altar of Trog.
  1722 | D:3      | Found a faded altar of an unknown god.
  1765 | D:3      | Found a deep blue altar of Sif Muna.
  2182 | D:4      | Found an ornate altar of the Wu Jian Council.
  2373 | D:4      | Found a burning altar of Makhleb.
  2373 | D:4      | Noticed a phantom
  2401 | D:4      | Killed a phantom
  2401 | D:4      | Reached skill level 8 in Polearms
  2401 | D:4      | Reached XP level 6. HP: 44/49 MP: 6/6
  2537 | D:4      | Noticed Robin
  2549 | D:4      | Killed Robin
  2577 | D:4      | Reached skill level 9 in Polearms
  2640 | D:4      | Found a glowing silver altar of Zin.
  2730 | D:4      | Reached XP level 7. HP: 45/55 MP: 7/7
  2776 | D:4      | Reached skill level 5 in Fighting
  2816 | D:4      | Found a snail-covered altar of Cheibriados.
  2898 | D:5      | Entered Level 5 of the Dungeon
  3254 | D:5      | Found a staircase to the Ecumenical Temple.
  3291 | D:5      | Reached skill level 10 in Polearms
  3301 | Temple   | Entered the Ecumenical Temple
  3434 | Temple   | Became a worshipper of Hepliaklqana the Forgotten
  4360 | D:6      | Reached skill level 11 in Polearms
  4360 | D:6      | Reached XP level 8. HP: 57/57 MP: 8/8
  4695 | D:6      | Reached skill level 12 in Polearms
  5109 | D:7      | Reached skill level 13 in Polearms
  5147 | D:7      | Reached XP level 9. HP: 53/64 MP: 7/9
  5200 | D:7      | Found an opulent altar of Gozag.
  5264 | D:7      | Reached * piety under Hepliaklqana
  5377 | D:7      | Reached skill level 14 in Polearms
  5586 | D:7      | Found a runed translucent door.
  5587 | D:7      | Noticed Crazy Yiuf
  5998 | D:8      | Found an ancient bone altar of Kikubaaqudgha.
  6439 | D:9      | Reached skill level 1 in Armour
  6478 | D:9      | Reached skill level 5 in Dodging
  6571 | D:9      | Reached XP level 10. HP: 76/76 MP: 10/10
  6581 | D:9      | Reached skill level 10 in Fighting
  6809 | D:9      | Reached ** piety under Hepliaklqana
  6810 | D:9      | Remembered your ancestor Thulani as a knight
  6878 | D:9      | Found Taeli's Food Shop.
  7213 | D:9      | Found a staircase to the Lair.
  7627 | D:10     | Entered Level 10 of the Dungeon
  7787 | D:10     | Killed an unseen horror
  7787 | D:10     | Reached skill level 5 in Armour
  7787 | D:10     | Reached skill level 10 in Dodging
  7787 | D:10     | Reached XP level 11. HP: 74/81 MP: 11/11
  8296 | D:10     | Reached skill level 15 in Polearms
  8687 | D:10     | Found Hacejaf's Assorted Antiques.
  8724 | D:10     | Bought a scroll labeled OSMUIX JIUKAX for 24 gold pieces
  8724 | D:10     | Bought a scroll of enchant weapon for 180 gold pieces
  8724 | D:10     | Bought a coral ring for 120 gold pieces
  8724 | D:10     | Bought a scroll of remove curse for 72 gold pieces
  8724 | D:10     | Bought a small soapstone amulet for 120 gold pieces
  8724 | D:10     | Bought a potion of brilliance for 96 gold pieces
  8790 | D:10     | Found a staircase to the Orcish Mines.
  9209 | D:11     | Noticed a vault guard
  9218 | D:11     | Killed a vault guard
  9218 | D:11     | Reached skill level 16 in Polearms
  9222 | D:11     | Found a portal to a secret trove of treasure.
  9422 | D:11     | Reached skill level 1 in Evocations
  9547 | D:11     | Reached *** piety under Hepliaklqana
  9588 | D:11     | Noticed Erica
  9590 | D:11     | Noticed a white ugly thing
  9591 | D:11     | Noticed a red ugly thing
  9612 | D:11     | Killed a white ugly thing
  9620 | D:11     | Killed a purple ugly thing
  9631 | D:11     | Killed Erica
  9874 | D:11     | Noticed a cyclops
  9883 | D:11     | Killed a cyclops
  9883 | D:11     | Reached XP level 12. HP: 67/87 MP: 10/14
  9996 | Lair:1   | Entered Level 1 of the Lair of Beasts
 10095 | Lair:1   | Reached skill level 17 in Polearms
 10164 | Lair:1   | Noticed Urug
 10190 | Lair:1   | Killed Urug
 10190 | Lair:1   | Reached skill level 5 in Evocations
 10670 | Lair:2   | Noticed an eight-headed hydra
 10672 | Lair:2   | Noticed a six-headed hydra
 10676 | Lair:2   | Killed a five-headed hydra
 10680 | Lair:2   | Killed a four-headed hydra
 11088 | Lair:2   | Noticed a catoblepas
 11106 | Lair:2   | Killed a catoblepas
 11214 | Lair:2   | Found a hole to the Spider Nest.
 11663 | Lair:3   | Noticed a seven-headed hydra
 11664 | Lair:3   | Found a bloodstained altar of Trog.
 11673 | Lair:3   | Killed a two-headed hydra
 11676 | Lair:3   | Noticed a death yak
 11714 | Lair:3   | Killed a death yak
 11714 | Lair:3   | Reached skill level 10 in Evocations
 11756 | Lair:3   | Reached **** piety under Hepliaklqana
 11833 | Lair:3   | Reached skill level 1 in Invocations
 12002 | Lair:3   | Reached XP level 13. HP: 62/92 MP: 15/20
 12344 | Lair:4   | Reached skill level 5 in Invocations
 12374 | Lair:4   | Found a staircase to the Swamp.
 14421 | Lair:5   | Reached skill level 10 in Invocations
 14442 | Lair:5   | Reached ***** piety under Hepliaklqana
 14884 | Lair:5   | Found a runed translucent gate.
 14884 | Lair:5   | Found a runed translucent gate.
 14885 | Lair:5   | Found a runed translucent gate.
 14886 | Lair:5   | Noticed Mosepeut's ghost (journeyman MiBe)
 14886 | Lair:5   | Noticed Wudwina's ghost (journeyman TrBe)
 14887 | Lair:5   | Noticed Thalamas's ghost (journeyman MiBe)
 14887 | Lair:5   | Noticed Plazmod's ghost (journeyman DECj)
 15103 | Lair:6   | Entered Level 6 of the Lair of Beasts
 15231 | Lair:6   | Reached skill level 18 in Polearms
 15315 | Lair:6   | Reached XP level 14. HP: 43/99 MP: 13/21
 15681 | Lair:6   | Reached skill level 19 in Polearms
 16090 | Lair:6   | Reached skill level 20 in Polearms
 16528 | Lair:6   | Found a runed translucent door.
 16529 | Lair:6   | Found a viscous altar of Jiyva.
 16531 | Lair:6   | Found a staircase to the Slime Pits.
 16605 | Lair:6   | Got a fine hand crossbow
 16807 | Lair:6   | Reached skill level 21 in Polearms
 17484 | Orc:1    | Entered Level 1 of the Orcish Mines
 17625 | Orc:2    | Entered Level 2 of the Orcish Mines
 17646 | Orc:2    | Noticed an orc warlord
 17879 | Orc:1    | Killed an orc warlord
 18023 | Orc:2    | Found a roughly hewn altar of Beogh.
 18042 | Orc:2    | Found Rapremar's Jewellery Boutique.
 18048 | Orc:2    | Bought the amulet of Tanof {Reflect Str+4 Int+6 SH+2} for
                  | 603 gold pieces
 18187 | Orc:2    | Found a roughly hewn altar of Beogh.
 18195 | Orc:2    | Found Hennubov's Food Shop.
 18278 | Orc:2    | Found a roughly hewn altar of Beogh.
 18419 | Orc:2    | Found a staircase to the Elven Halls.
 18420 | Orc:2    | Found a roughly hewn altar of Beogh.
 18460 | Orc:2    | Reached skill level 22 in Polearms
 18502 | Orc:2    | Found Defyrucku's Antique Weapon Shop.
 18712 | Orc:2    | Found a roughly hewn altar of Beogh.
 18874 | Orc:2    | Noticed an orc warlord
 19176 | Orc:1    | Killed an orc warlord
 19575 | Orc:2    | Reached XP level 15. HP: 87/103 MP: 18/22
 19595 | Orc:2    | Found Foted's Antique Weapon Shoppe.
 19596 | Orc:2    | Found a roughly hewn altar of Beogh.
 19597 | Orc:2    | Found Hojuenos's Antique Armour Emporium.
 19604 | Orc:2    | Bought a glowing cloak for 165 gold pieces
 19762 | Orc:1    | Found Ybogague's Antique Armour Shop.
 19826 | Orc:1    | Noticed Gastronok
 19847 | Orc:1    | Killed Gastronok
 20039 | Orc:1    | Bought a pair of runed gloves for 202 gold pieces
 20359 | Orc:2    | Reached skill level 23 in Polearms
 21191 | Swamp:1  | Entered Level 1 of the Swamp
 21805 | Swamp:1  | Reached skill level 24 in Polearms
 22109 | Swamp:1  | Reached ****** piety under Hepliaklqana
 22409 | Swamp:2  | Noticed a thorn hunter
 22421 | Swamp:1  | Killed a thorn hunter
 22907 | Swamp:2  | Learned a level 4 spell: Sticky Flame
 22912 | Swamp:2  | Learned a level 4 spell: Summon Lightning Spire
 22975 | Swamp:2  | Noticed a thorn hunter
 22991 | Swamp:2  | Killed a thorn hunter
 22991 | Swamp:2  | Reached skill level 1 in Spellcasting
 22991 | Swamp:2  | Reached skill level 1 in Summonings
 22995 | Swamp:2  | Reached skill level 1 in Air Magic
 22996 | Swamp:2  | Reached skill level 1 in Conjurations
 23341 | Swamp:2  | Reached skill level 1 in Fire Magic
 23913 | Swamp:3  | Identified the cursed +0 hand crossbow of Crystal {elec,
                  | MR++} (You found it on level 6 of the Lair of Beasts)
 23991 | Swamp:3  | Noticed a thorn hunter
 24019 | Swamp:3  | Killed a thorn hunter
 24182 | Swamp:3  | Mangled by a spiny frog

Skill      XL: |  1  2  3  4  5  6  7  8  9 10 11 12 13 14 15 |
---------------+----------------------------------------------+-----
Polearms       | 5 6 7 8 9 11 13 14 16 17 18 22 24 | 24.6
Fighting       | 3 4 5 7 9 10 | 10.0
Armour         | 1 5 6 |  6.0
Dodging        | 5 10 | 10.0
Evocations     | 3 10 | 10.0
Invocations    | 3 10 | 10.0
Spellcasting   | 2 |  2.1
Summonings     | 2 |  2.4
Air Magic      | 1 |  1.9
Conjurations   | 1 |  1.8
Fire Magic     | 1 |  1.6
Throwing       | |  2.0

Action                   |  1- 3 |  4- 6 |  7- 9 | 10-12 | 13-15 || total
-------------------------+-------+-------+-------+-------+-------++-------
Melee: Trident           |    71 |   243 |   446 |       |       ||   760
       Halberd           |       |       |    17 |   377 |       ||   394
       Demon trident     |       |       |       |   153 |  1577 ||  1730
       Scimitar          |       |       |       |    15 |    23 ||    38
       Tailslap          |       |       |       |       |    34 ||    34
Invok: Ancestor Life: Kn |       |       |       |     1 |       ||     1
       Recall Ancestor   |       |       |       |       |     3 ||     3
Evoke: Wand              |       |       |       |       |     9 ||     9
       Phial of floods   |       |       |       |       |     1 ||     1
  Use: Scroll            |       |     8 |     5 |    13 |    14 ||    40
       Potion            |       |       |       |       |     1 ||     1
 Stab: Sleeping          |     1 |     1 |     8 |     6 |    11 ||    27
       Distracted        |       |       |     3 |     4 |    18 ||    25
  Eat: Chunk             |       |     6 |    13 |    17 |    36 ||    72
       Ration            |       |       |       |       |     1 ||     1
Armor: Leather armour    |    19 |    31 |       |       |       ||    50
       Chain mail        |       |    81 |    23 |       |       ||   104
       Ring mail         |       |       |   149 |   122 |   388 ||   659
       Swamp dragon scal |       |       |       |       |    96 ||    96
Dodge: Dodged            |    34 |   112 |   168 |   292 |   875 ||  1481
Block: Other             |       |       |       |       |    24 ||    24
       Rpst.: Scimitar   |       |       |       |     3 |     3 ||     6
